 Dungeon Crawl Stone Soup version 0.27-a0-1188-g73eefd5def (webtiles) character file.

Game seed: 7305773018449969060

1180 bande the Chopper (level 8, -2/49 HPs)
             Began as a Gargoyle Fighter on May 22, 2021.
             Slain by an orc
             ... wielding a +0 war axe
              (3 damage)
             ... on level 6 of the Dungeon.
             The game lasted 00:10:40 (4856 turns).

bande the Chopper (Gargoyle Fighter)                Turns: 4856, Time: 00:10:41

Health: -2/49      AC: 15    Str: 27    XL:     8   Next: 42%
Magic:  8/8        EV:  7    Int:  9    God:
Gold:   250        SH: 11    Dex: 16    Spells: 7/7 levels left

rFire    . . .     SeeInvis .   a - +1 war axe
rCold    . . .     Faith    .   c - +0 kite shield
rNeg     + . .     Spirit   .   m - +0 chain mail
rPois    ∞         Reflect  .   (no helmet)
rElec    +         Harm     .   (no cloak)
rCorr    .         Rampage  .   (no gloves)
Will     .....                  (no boots)
Stlth    ..........             (no amulet)
HPRegen  0.16/turn              g - +6 ring of strength
MPRegen  0.11/turn              h - +6 ring of dexterity

@: no status effects
A: sickness immunity, AC +5, negative energy resistance 1, electricity
resistance, torment resistance 1, petrification resistance
a: no special abilities


You were on level 6 of the Dungeon.
You visited 1 branch of the dungeon, and saw 6 of its levels.

You collected 250 gold pieces.

Inventory:

Hand Weapons
 a - a +1 war axe (weapon)
 o - the +10 great mace of the Solstice {spect, rElec}
   (You found it on level 4 of the Dungeon)

   When it strikes, its spirit leaps out and fights alongside the wielder.
   It insulates you from electricity.
Missiles
 b - a throwing net (quivered)
Armour
 c - a +0 kite shield (worn)
 m - a +0 chain mail (worn)
Jewellery
 f - a ring of resist corrosion
 g - a +6 ring of strength (left hand)
 h - a +6 ring of dexterity (right hand)
 i - a +6 ring of dexterity
 j - a ring of protection from fire
Wands
 k - a wand of iceblast (13)
Scrolls
 d - a scroll of blinking
 e - a scroll of holy word
 l - 7 scrolls of identify
 p - a scroll of fear
Potions
 n - a potion of resistance {unknown}
 q - a potion of curing


   Skills:
 + Level 5.1 Fighting
 + Level 5.9 Axes
 + Level 5.2 Armour
 + Level 1.8 Dodging
 + Level 5.1 Shields
 * Level 2.5 Evocations


You had 7 spell levels left.
You didn't know any spells.
Your spell library was empty.

Dungeon Overview and Level Annotations

Branches:
Dungeon (6/15)
 Temple: D:4-7

Altars:
Fedhas
Xom
The Shining One


Innate Abilities, Weirdness & Mutations

You are immune to sickness and miasma.
Your stone body is resilient. (AC +5)
You are immune to poison.
You resist negative energy. (rN+)
You are resistant to electric shocks. (rElec)
You are resistant to unholy torment.
You are immune to petrification.


Message History

The bat hits the fungus.
The fungus begins to die.
The bat hits the fungus. x3
A nearby fungus withers and dies.
Found 17 poisoned darts.
An orc comes into view. It is wielding a +0 short sword.
You see here 17 poisoned darts.
An orc is nearby!
An orc priest and an ogre come into view.
The ogre shouts!
The orc priest shouts!
An orc comes into view. It is wielding a +0 war axe.
The orc shouts!
The orc priest calls down the wrath of Beogh upon you.
Beogh smites you! The orc hits you but does no damage.
You hit the orc.
The orc is severely wounded.
You block the orc's attack. You block the ogre's attack.
You slash the orc!
You kill the orc!
You slash the orc priest! You barely miss the ogre.
The orc priest hits you but does no damage.
The ogre hits you with a +0 giant spiked club!!
You are too injured to fight recklessly!
Unknown command.
You feel better.
The orc priest begins to cast a cantrip, but forgets the words!
The ogre hits you with a +0 giant spiked club!
* * * LOW HITPOINT WARNING * * *
You hit the ogre.
The ogre is lightly wounded.
You closely miss the orc. You block the orc's attack.
The ogre hits you but does no damage. You block the orc's attack.
You slash the ogre!
The ogre is heavily wounded.
You closely miss the orc. You hit the orc priest.
The orc priest invokes the aid of Beogh against you.
Beogh smites you!
* * * LOW HITPOINT WARNING * * *
The orc hits you with a +0 war axe.
You die...

##≈≈≈≈≈≈.##
#.######bb≈≈.≈≈.≈#
#......############
###.............
#...############
#.(.#lb≈≈≈....#
#########...##.≈≈≈≈≈≈##
...........##≈...≈≈≈≈≈#
......o@....#.≈≈#######
......oO....#..≈#.......
............#.≈.#.#####.
...........##≈.≈#
...........# ≈.#
...........# ≈#
...........#
############


You could see an ogre, an orc priest, an orc and 2 bats.

Vanquished Creatures
  Sigmund (D:3)
  A centaur (D:5)
  3 ogres (D:5)
  A kobold brigand (D:6)
  A scorpion (D:4)
  A crimson imp (D:4)
  3 hounds (D:5)
  A jelly (D:5)
  A bullfrog skeleton (D:5)
  2 orc priests
  3 iguanas (D:5)
  Terence (D:2)
  A hound zombie (D:3)
  A howler monkey zombie (D:6)
  3 gnolls (D:4)
  6 adders
  A shadow imp (D:5)
  An ufetubus (D:4)
  An adder zombie (D:5)
  3 worms
  2 dart slugs
  7 orcs
  6 ball pythons
  2 endoplasms
  6 giant cockroaches
  5 goblins
  4 hobgoblins
  3 jackals
  8 kobolds
  4 quokkas
  7 bats
  3 frilled lizards
  2 goblin skeletons (D:4)
  2 goblin zombies (D:4)
  3 hobgoblin zombies (D:4)
  3 orc skeletons (D:4)
  An orc zombie (D:4)
  5 rats
109 creatures vanquished.

Vanquished Creatures (others)
  13 fungi (D:6)
13 creatures vanquished.

Grand Total: 122 creatures vanquished

Notes
Turn   | Place    | Note
-------+----------+-------------------------------------------
     0 | D:1      | bande the Gargoyle Fighter began the quest for the Orb.
     0 | D:1      | Reached XP level 1. HP: 14/14 MP: 1/1
   255 | D:1      | Reached XP level 2. HP: 16/19 MP: 2/2
   333 | D:1      | Found a faded altar of an unknown god.
   652 | D:2      | Reached XP level 3. HP: 23/23 MP: 3/3
   855 | D:2      | Noticed Terence
   864 | D:2      | Killed Terence
   865 | D:2      | Reached XP level 4. HP: 26/29 MP: 4/4
  1740 | D:3      | Noticed Sigmund
  1748 | D:2      | Reached XP level 5. HP: 15/33 MP: 5/5
  2574 | D:3      | Killed Sigmund
  2575 | D:3      | Reached skill level 1 in Dodging
  2575 | D:3      | Reached XP level 6. HP: 32/38 MP: 6/6
  3149 | D:4      | Reached XP level 7. HP: 16/43 MP: 7/7
  3380 | D:4      | Found a glowing golden altar of the Shining One.
  3436 | D:4      | Identified the +10 great mace of the Solstice {spect,
                  | rElec}
  3773 | D:5      | Entered Level 5 of the Dungeon
  3783 | D:5      | Reached skill level 1 in Evocations
  3829 | D:5      | Reached skill level 5 in Axes
  4014 | D:5      | Reached skill level 5 in Armour
  4014 | D:5      | Reached XP level 8. HP: 41/48 MP: 8/8
  4064 | D:5      | Found a shimmering altar of Xom.
  4224 | D:5      | Reached skill level 5 in Shields
  4312 | D:5      | Found a blossoming altar of Fedhas.
  4501 | D:5      | Reached skill level 5 in Fighting
  4856 | D:6      | HP: 1/49 [orc priest/divine providence (10)]
  4856 | D:6      | Slain by an orc

Illustrated notes

Levels and vault maps discovered:
D:1:      shiori_arrival_maze, layout_rooms,
          hellmonk_ecumenical_altar_crossroads, chequers_serial_rivers_micro_b,
          roderic_roman_lattice
D:2:      layout_basic, st_stairs_12, uniq_terence
D:3:      layout_rooms, uniq_sigmund
D:4:      layout_rooms, nicolae_tso_besieged_by_evil
D:5:      layout_rooms, fedhas_altar_fruit_tree, marbit_many_paths,
          nicolae_overflow_hidden_temple
D:6:      layout_basic, amcnicky_altar_gilded, ashenzari_altar_1,
          minmay_temple_entry_fiery, serial_aquarium, aquarium_bridge_square
          [aquarium_subvault_window, aquarium_subvault_bridge,
          aquarium_subvault_wall, aquarium_subvault_bridge],
          aquarium_bridge_long_separate [aquarium_subvault_window,
          aquarium_subvault_bridge, aquarium_subvault_bridge,
          aquarium_subvault_bridge, aquarium_subvault_wall,
          aquarium_subvault_bridge], aquarium_window_fake, aquarium_window_3,
          aquarium_view_2c, aquarium_view_2b, aquarium_balcony_5b, serial_shops,
          shop, minmay_unpleasant_kobolds

Skill      XL: |  1  2  3  4  5  6  7  8 |
---------------+-------------------------+-----
Axes           | 2 3 4 5 |  5.9
Armour         | 4 5 |  5.2
Shields        | 4 5 |  5.1
Fighting       | 4 5 |  5.1
Dodging        | 1 |  1.8
Evocations     | 1 2 |  2.5

Action                   |  1- 3 |  4- 6 |  7- 9 || total
-------------------------+-------+-------+-------++-------
Melee: War axe           |    85 |   140 |   140 ||   365
  Use: Scroll            |     3 |     4 |       ||     7
       Potion            |     3 |     2 |     4 ||     9
Armor: Scale mail        |    51 |    91 |    31 ||   173
       Chain mail        |       |       |    33 ||    33
Dodge: Dodged            |    50 |    55 |    58 ||   163
Block: Kite shield       |    58 |    95 |    80 ||   233

Table legend: (Time is in decaauts)
 A = Elapsed time spent in this place.
 B = Non-inter-level travel time spent in this place.
 C = Inter-level travel time spent in this place.
 D = Time resting spent in this place.
 E = Time spent auto-exploring this place.
 F = Levels seen in this place.
 G = Mean time per level.
                   A        B        C        D        E       F      G
               +--------+--------+--------+--------+--------+-----+--------+
         Total |   5040 |   5040 |      0 |   1559 |   2281 |   6 |  840.0 |
       Dungeon |   5040 |   5040 |      0 |   1559 |   2281 |   6 |  840.0 |
               +--------+--------+--------+--------+--------+-----+--------+

Top non-repeatable levels by time:
     D:2: 1998 daAuts
     D:5: 968 daAuts
     D:4: 755 daAuts
     D:1: 597 daAuts
     D:3: 559 daAuts
     D:6: 161 daAuts
